 Dungeon Sprint DCSS version 0.30.1-11-g7821555f0a (webtiles) character file.

Game seed: 16081253312584718861

17479 Groucho the Unseen (level 12, -2/63 HPs)
             Began as a Spriggan Enchanter on Dec 10, 2023.
             Was the Champion of Dithmenos.
             Slain by a toenail golem (8 damage)
             ... in the Dungeon (Sprint II: "The Violet Keep of Menkaure").
             The game lasted 00:21:44 (2728 turns).

Groucho the Unseen (Spriggan Enchanter)             Turns: 2728, Time: 00:21:44

Health: -2/63      AC:  4    Str: 10    XL:     12   Next: 19%
Magic:  27/29      EV: 17    Int: 22    God:    Dithmenos [******]
Gold:   87         SH:  0    Dex: 15    Spells: 3/35 levels left

rFire   . . .        a - +1 dagger
rCold   + . .        (no shield)
rNeg    + . .        o - +1 robe of Words of Power {Contam Slay+5}
rPois   .            (helmet restricted)
rElec   .            f - +0 cloak
rCorr   .            (gloves unavailable)
SInv    +            (boots unavailable)
Will    ++...        (no amulet) Stlth *+++++++++
                     k - ring of Ipicilim {rC+ rN+ Slay+4}
HPRegen 0.30/turn    p - +6 ring of strength
MPRegen 0.21/turn

%: no teleportation
@: wreathed by umbra, very quick
A: very small, no large weapons, unfitting armour, see invisible, speed 3
a: Renounce Religion, Shadow Step, Shadow Form


You were in the Dungeon.
You worshipped Dithmenos.
Dithmenos was exalted by your worship.
You visited 1 branch You collected 2297 gold pieces.
You spent 2210 gold pieces at shops.

Inventory:

Hand Weapons
 a - a +1 dagger (weapon)
 n - a +2 rapier of flaming
Armour
 f - a +0 cloak (worn)
 o - the +1 robe of Words of Power (worn) {Contam Slay+5}
   (You bought it in a shop in the Dungeon)

   Slay:      It affects your accuracy & damage with ranged weapons and melee
   (+5).
   Contam:    It causes magical contamination when unequipped.
Jewellery
 k - the ring of Ipicilim (left hand) {rC+ rN+ Slay+4}
   (You found it in the Dungeon)

   [ring of slaying]

   Slay:      It affects your accuracy & damage with ranged weapons and melee
   (+4).
   rC:        It protects you from cold.
   rN:        It protects you from negative energy.
 p - a +6 ring of strength (right hand)
Wands
 m - a wand of mindburst (13)
Scrolls
 b - 2 scrolls of brand weapon {unknown}
 d - 5 scrolls of identify {unknown}
 e - 2 scrolls of amnesia {unknown}
 i - a scroll of blinking
 l - a scroll of acquirement {unknown}
 r - a scroll of fear {unknown}
 s - 4 scrolls of vulnerability {unknown}
 v - 3 scrolls of poison {unknown}
 w - a scroll of immolation {unknown}
 x - 2 scrolls of torment {unknown}
 y - a scroll of butterflies {unknown}
 A - a scroll of silence {unknown}
 B - a scroll of enchant weapon {unknown}
 D - a scroll of fog {unknown}
Potions
 c - 6 potions of flight
 g - 3 potions of magic
 h - 2 potions of berserk rage
 j - 3 potions of mutation {unknown}
 q - 5 potions of resistance
 t - 2 potions of heal wounds
 u - a potion of brilliance {unknown}
 z - 2 potions of might {unknown}
 C - a potion of haste


   Skills:
 - Level 7.0 Fighting
 - Level 11.6 Short Blades
 - Level 3.0 Dodging
 - Level 15.0 Stealth
 - Level 12.0 Spellcasting
 * Level 12.8 Conjurations
 - Level 14.0 Hexes
 + Level 1.3 Summonings
 + Level 0.0 Transmutations
 + Level 10.0 Fire Magic
 + Level 10.8 Earth Magic


You had 3 spell levels left.
You knew the following spells:

 Your Spells              Type           Power      Damage    Failure   Level
a - Ensorcelled Hibernat  Hex/Ice        88%        N/A       1%          2
b - Confusing Touch       Hex            65%        N/A       1%          3
c - Dazzling Flash        Conj/Hex       100%       N/A       1%          3
d - Tukima's Dance        Hex            65%        N/A       1%          3
e - Stone Arrow           Conj/Erth      100%       3d13      1%          3
f - Fireball              Conj/Fire      29%        3d13      1%          5
g - Starburst             Conj/Fire      29%        6d9       7%          6
h - Call Canine Familiar  Summ           19%        N/A       9%          3
i - Petrify               Tmut/Erth      37%        N/A       5%          4

Your spell library contained the following spells:

 Spells                   Type           Power      Damage    Failure   Level
 Foxfire                  Conj/Fire      100%       2x1d9     1%          1
 Scorch                   Fire           100%       2d9       1%          2
 Summon Guardian Golem    Hex/Summ       46%        N/A       1%          3
 Volatile Blastmotes      Fire/Tloc      70%        2d15      1%          3
 Summon Small Mammal      Summ           76%        N/A       2%          1
 Ozocubu's Armour         Ice            13%        N/A       14%         3
 Flame Wave               Conj/Fire      59%        2d14      1%          4
 Iskenderun's Mystic Bla  Conj/Tloc      41%        2d9       3%          4
 Animate Armour           Summ/Erth      80%        N/A       4%          4
 Metabolic Englaciation   Hex/Ice        22%        N/A       8%          5
 Statue Form              Tmut/Erth      24%        N/A       63%         6
 Plasma Beam              Fire/Air       17%        2x1d32    67%         6
 Lehudib's Crystal Spear  Conj/Erth      30%        10d8      95%         8
 Summon Cactus Giant      Summ           9%         N/A       99%         6
 Ozocubu's Refrigeration  Ice            6%         4d8       100%        7


Dungeon Overview and Level Annotations

Branches:
Dungeon (1/1)

Altars:
Cheibriados
Dithmenos
Elyvilon
Fedhas
Gozag
Hepliaklqana
Kikubaaqudgha
Makhleb
Nemelex Xobeh
Okawaru
Qazlal
Ru
Sif Muna
Trog
Uskayaw
Vehumet
Wu Jian
Xom
Yredelemnul
Zin
The Shining One
Jiyva
Lugonu

Shops:
D [=:![:?*(??=[:!

Annotations:
D exclusion: oklob plant


Innate Abilities, Weirdness & Mutations

You are very small and have problems with some larger weapons.
You are too small for most types of armour.
You have supernaturally acute eyesight. (SInv)
You cover ground extremely quickly. (Speed+++)


Message History

Casting: Fireball (dangerous; 1% risk of failure)
Confirm with . or Enter, or press ? or * to list all spells.
The spell is quite dangerous to miscast (7% risk of failure)!
Continue anyway?
Casting: Starburst (quite dangerous; 7% risk of failure)
Press: ? - help, Dir - look around, f - activate You can't see that place. [the floor.]
The bolt of fire misses the electric golem.
The bolt of fire hits the toenail golem!
The toenail golem resists.
The toenail golem is heavily damaged.
The toenail golem hits you.
Unknown command.
Unknown command.
Unknown command.
Casting: Starburst (quite dangerous; 7% risk of failure)
Confirm with . or Enter, or press ? or * to list all spells.
The spell is quite dangerous to miscast (7% risk of failure)!
Continue anyway?
Casting: Starburst (quite dangerous; 7% risk of failure)
Press: ? - help, Dir - look around, f - activate You can't see that place. [the floor.]
The bolt of fire hits the toenail golem!
The toenail golem resists.
The toenail golem is severely damaged.
The bolt of fire misses the electric golem.
The toenail golem misses you.
Unknown command.
Unknown command.
Unknown command.
Unknown command.
Casting: Starburst (quite dangerous; 7% risk of failure)
Confirm with . or Enter, or press ? or * to list all spells.
Okay, then.
Magic courses through your body.
The electric golem hurls lightning at you.
The bolt of lightning hits you!!
* * * LOW HITPOINT WARNING * * *
You emit a cloud of dark smoke.
The toenail golem hits you!
You die...

###### #.[).# ###[)..##▓
#........▓ #........▓ ▓▓▓
##⌠§.9.#'▓ ..▓ .z.
##.§§9#9$▓▓▓+▓▓▓▓.▓ ..z
##§@##9.E+.○.▓0..▓ ## °z
##§§§§###E#...▓▓▓▓▓▓▓ ~## zz
#)§§§§§.#.#...▓≈§≈≈≈≈ #~~#+++#
####....#.##○○▓▓▓▓▓▓▓ ~~~..... ..
#[.'....#..#}[▓.[.(.)
~~~~.##+##..#..####.#†.#):▓[..).)
~~~~##.#.##.####..'.##.#}[▓=...([
~~~~#..#..# ...#..#...####▓....(.
~~####...####..#####..##.#▓|.(([.


You could see an electric golem and a toenail golem.

Vanquished Creatures
  A deep elf master archer (D)
  A kraken (D)
  2 sphinxes (D)
  Roxanne (D)
  A crystal guardian (D)
  A fire dragon (D)
  An ice dragon (D)
  2 boulder beetles (D)
  2 death drakes (D)
  2 deep trolls (D)
  3 manticores (D)
  3 shining eyes (D)
  2 cane toads (D)
  A yaktaur (D)
  5 polar bears (D)
  A hornet (D)
  A blink frog (D)
  3 slime creatures (D)
  2 wyverns (D)
  2 redbacks (D)
  4 neqoxecs (D)
  Menkaure (D)
  4 water moccasins (D)
  2 swamp drakes (D)
  4 scorpions (D)
  4 necrophages (D)
  2 tentacles (D)
58 creatures vanquished.

Vanquished Creatures (others)
  21 tentacles (D)
21 creatures vanquished.

Grand Total: 79 creatures vanquished

Notes
Turn   | Place    | Note
-------+----------+-------------------------------------------
     0 | D        | Groucho the Spriggan Enchanter began the quest for the Orb.
     0 | D        | Reached XP level 1. HP: 9/9 MP: 5/5
     3 | D        | Noticed a necrophage
     3 | D        | Noticed a necrophage
     3 | D        | Noticed a necrophage
     3 | D        | Noticed a necrophage
     7 | D        | Killed a necrophage
     8 | D        | Reached skill level 7 in Stealth
     8 | D        | Reached skill level 5 in Hexes
     8 | D        | Reached XP level 2. HP: 16/16 MP: 6/8
     8 | D        | Reached XP level 3. HP: 20/20 MP: 6/9
    15 | D        | Killed a necrophage
    16 | D        | Reached skill level 5 in Short Blades
    16 | D        | Reached skill level 10 in Stealth
    16 | D        | Reached XP level 4. HP: 24/24 MP: 7/11
    21 | D        | Killed a necrophage
    22 | D        | Reached skill level 13 in Stealth
    22 | D        | Reached XP level 5. HP: 24/28 MP: 7/12
    26 | D        | Reached skill level 15 in Stealth
    31 | D        | Noticed a boulder beetle
    31 | D        | Noticed a boulder beetle
    34 | D        | Noticed a neqoxec
    34 | D        | Noticed a neqoxec
    34 | D        | Noticed a neqoxec
    34 | D        | Noticed a neqoxec
    36 | D        | Killed a neqoxec
    37 | D        | Reached XP level 6. HP: 29/32 MP: 8/13
    38 | D        | Killed a neqoxec
    40 | D        | Killed a neqoxec
    41 | D        | Reached skill level 10 in Hexes
    41 | D        | Reached XP level 7. HP: 33/36 MP: 8/14
    42 | D        | Killed a neqoxec
    43 | D        | Reached skill level 10 in Short Blades
    67 | D        | Killed a boulder beetle
    68 | D        | Reached XP level 8. HP: 40/40 MP: 10/22
    70 | D        | Killed a boulder beetle
    71 | D        | Reached XP level 9. HP: 46/46 MP: 10/26
    84 | D        | Found Estetena's Antique Armour Shoppe.
    84 | D        | Found Ibliudd's Book Shoppe.
    84 | D        | Found Niden Ikli's Magic Scroll Emporium.
    84 | D        | Found Awetux's Jewellery Emporium.
    84 | D        | Found Woampit's Antique Weapon Shoppe.
    84 | D        | Found Naegon's Magic Scroll Shoppe.
    85 | D        | Found Migefrer's Assorted Antiques.
    85 | D        | Found Ytsoteur's Magic Scroll Emporium.
    89 | D        | Learned a level 2 spell: Ensorcelled Hibernation
    93 | D        | Learned a level 3 spell: Confusing Touch
    97 | D        | Learned a level 3 spell: Dazzling Flash
   101 | D        | Learned a level 3 spell: Tukima's Dance
   267 | D        | Found Cutoe's Distillery.
   267 | D        | Found Kafohor's Book Emporium.
   267 | D        | Noticed Menkaure
   267 | D        | Noticed an unseen horror
   284 | D        | Killed Menkaure
   285 | D        | Reached skill level 5 in Fighting
   287 | D        | Found Gazudd's Antique Armour Shoppe.
   287 | D        | Found Empel's Distillery.
   287 | D        | Noticed an unseen horror
   287 | D        | Noticed an oklob plant
   288 | D        | Found Joxzatue's Jewellery Shoppe.
   288 | D        | Found Ifuy's Antique Armour Emporium.
   288 | D        | Found Asaucaunn's Book Shoppe.
   290 | D        | Noticed a death yak
   294 | D        | Bought a book of Armaments for 432 gold pieces
   294 | D        | Bought a book of Fire for 528 gold pieces
   400 | D        | Reached skill level 1 in Conjurations
   414 | D        | Found an iron altar of Okawaru.
   414 | D        | Found a radiant altar of Vehumet.
   415 | D        | Found a sparkling altar of Nemelex Xobeh.
   415 | D        | Found a hide-covered altar of Uskayaw.
   415 | D        | Found a glowing silver altar of Zin.
   416 | D        | Found an opulent altar of Gozag.
   416 | D        | Found a burning altar of Makhleb.
   416 | D        | Found a bloodstained altar of Trog.
   417 | D        | Found a blossoming altar of Fedhas.
   417 | D        | Found a corrupted altar of Lugonu.
   417 | D        | Found a basalt altar of Yredelemnul.
   417 | D        | Found a shimmering blue altar of Sif Muna.
   418 | D        | Found a white marble altar of Elyvilon.
   418 | D        | Found an ancient bone altar of Kikubaaqudgha.
   419 | D        | Found a shadowy altar of Dithmenos.
   419 | D        | Found a viscous altar of Jiyva.
   420 | D        | Found a snail-covered altar of Cheibriados.
   422 | D        | Found a shimmering altar of Xom.
   422 | D        | Found a sacrificial altar of Ru.
   422 | D        | Found a hazy altar of Hepliaklqana.
   422 | D        | Noticed a polar bear
   422 | D        | Noticed a polar bear
   423 | D        | Found a glowing golden altar of the Shining One.
   423 | D        | Found an ornate altar of the Wu Jian Council.
   423 | D        | Found a stormy altar of Qazlal.
   423 | D        | Noticed a yaktaur
   429 | D        | Became a worshipper of Dithmenos the Shadowed
   440 | D        | Killed a yaktaur
   441 | D        | Reached skill level 1 in Fire Magic
   451 | D        | Killed a polar bear
   451 | D        | Reached * piety under Dithmenos
   455 | D        | Killed a polar bear
   612 | D        | Learned a level 3 spell: Stone Arrow
   618 | D        | Learned a level 5 spell: Fireball
   761 | D        | Noticed a polar bear
   771 | D        | Killed a polar bear
   777 | D        | Noticed a death drake
   779 | D        | Noticed a fire dragon
   781 | D        | Killed a fire dragon
   781 | D        | Reached ** piety under Dithmenos
   782 | D        | Reached skill level 5 in Conjurations
   782 | D        | Reached XP level 10. HP: 53/53 MP: 25/27
   784 | D        | Noticed a death drake
   784 | D        | Noticed a crystal guardian
   787 | D        | Killed a crystal guardian
   788 | D        | Reached skill level 5 in Earth Magic
   789 | D        | Reached skill level 5 in Fire Magic
   789 | D        | Killed a death drake
   789 | D        | Reached *** piety under Dithmenos
   791 | D        | Killed a death drake
   800 | D        | Noticed a cane toad
   801 | D        | Noticed a cane toad
   802 | D        | Killed a cane toad
   804 | D        | Killed a cane toad
   810 | D        | Noticed a deep elf master archer
   815 | D        | Killed a deep elf master archer
   815 | D        | Reached **** piety under Dithmenos
   820 | D        | Noticed an ice dragon
   822 | D        | Killed an ice dragon
   823 | D        | Reached XP level 11. HP: 58/58 MP: 28/28
   827 | D        | Noticed a shining eye
   828 | D        | Noticed a shining eye
   828 | D        | Noticed a shining eye
   829 | D        | Killed a shining eye
   830 | D        | Killed a shining eye
   832 | D        | Reached skill level 10 in Conjurations
   833 | D        | Killed a shining eye
   835 | D        | Reached ***** piety under Dithmenos
   863 | D        | Reached ****** piety under Dithmenos
  1221 | D        | Identified the ring of Ipicilim {rC+ rN+ Slay+4}
  1223 | D        | Identified the +9 triple crossbow "Xeirril" {freeze, Contam
                  | +Blink rPois SInv}
  1289 | D        | Noticed Roxanne
  1363 | D        | Bought a runed rapier for 217 gold pieces
  1367 | D        | Bought a wizard robe for 119 gold pieces
  1367 | D        | Identified the +1 robe of Words of Power {Contam Slay+5}
                  | (You bought it in a shop in the Dungeon)
  1389 | D        | Bought a potion of invisibility for 240 gold pieces
  1481 | D        | Bought a potion of flight for 90 gold pieces
  1481 | D        | Bought a sapphire ring for 150 gold pieces
  1522 | D        | Noticed a kraken
  1861 | D        | Killed a kraken
  1870 | D        | Found the +10 Black Knight's barding {ponderous, rPois rN+}
  1997 | D        | Noticed a deep troll
  1998 | D        | Noticed a deep troll
  2000 | D        | Killed a deep troll
  2001 | D        | Reached skill level 10 in Earth Magic
  2001 | D        | Killed a deep troll
  2027 | D        | Learned a level 6 spell: Starburst
  2029 | D        | Noticed a sphinx
  2030 | D        | Noticed a sphinx
  2032 | D        | Killed a sphinx
  2033 | D        | Reached XP level 12. HP: 63/63 MP: 29/29
  2033 | D        | Killed a sphinx
  2117 | D        | Learned a level 3 spell: Call Canine Familiar
  2243 | D        | HP: 3/63 [Roxanne/bolt of magma (51)]
  2364 | D        | Killed Roxanne
  2365 | D        | Reached skill level 1 in Summonings
  2365 | D        | Reached skill level 10 in Fire Magic
  2387 | D        | Learned a level 4 spell: Petrify
  2663 | D        | Bought 2 potions of heal wounds for 140 gold pieces
  2663 | D        | Bought a potion of resistance for 140 gold pieces
  2663 | D        | Bought a potion of flight for 42 gold pieces
  2663 | D        | Bought a potion of heal wounds for 70 gold pieces
  2663 | D        | Bought a potion of flight for 42 gold pieces
  2715 | D        | Noticed an electric golem
  2715 | D        | Noticed an iron golem
  2722 | D        | HP: 3/63 [electric golem/bolt of lightning (13)]
  2728 | D        | Slain by a toenail golem

Illustrated notes

Levels and vault maps discovered:
D:        the_violet_keep_of_menkaure [sprint2_stairs_cluster_1,
          sprint2_shoproom, sprint2_temple, sprint2_basic_supplies,
          sprint2_obstacle_6, sprint2_obstacle_4, sprint2_obstacle_1,
          sprint2_obstacle_5, sprint2_obstacle_2, sprint2_timed_cluster_1,
          sprint2_smallroom_cluster_1, sprint2_smallroom_final_cluster_1,
          sprint2_transparent_cluster_1, sprint2_second_timed_cluster_1,
          sprint2_sniper_area_1, sprint2_heavy_combat_area_1,
          sprint2_mutation_trap_area_1, sprint2_forest_area_1,
          sprint2_light_combat_area_1, sprint2_behind_water_1,
          sprint2_near_end_vault_1]

Skill      XL: |  1  2  3  4  5  6  7  8  9 10 11 12 |
---------------+-------------------------------------+-----
Fighting       | 3 4 6 7 |  7.0
Short Blades   | 3 5 7 9 10 11 | 11.6
Dodging        | 3 |  3.0
Stealth        | 7 10 13 15 | 15.0
Spellcasting   | 4 9 12 | 12.0
Hexes          | 5 8 10 14 | 14.0
Conjurations   | 5 9 12 | 12.8
Fire Magic     | 4 7 9 10 | 10.0
Earth Magic    | 4 7 10 | 10.8
Summonings     | 1 |  1.3

Action                     |  1- 3 |  4- 6 |  7- 9 | 10-12 || total
---------------------------+-------+-------+-------+-------++-------
  Melee: Dagger            |     9 |    10 |    40 |    47 ||   106
         Punch             |       |       |     1 |     1 ||     2
   Cast: Ensorcelled Hiber |       |       |     4 |     8 ||    12
         Confusing Touch   |       |       |     4 |     2 ||     6
         Fireball          |       |       |       |     9 ||     9
         Stone Arrow       |       |       |       |    20 ||    20
         Dazzling Flash    |       |       |       |     2 ||     2
         Starburst         |       |       |       |     4 ||     4
    Use: Potion            |     2 |       |     3 |     8 ||    13
   Stab: Invisible         |     2 |     1 |       |     2 ||     5
         Sleeping          |     1 |     4 |    11 |    30 ||    46
         Confused          |       |       |     6 |     2 ||     8
 Armour: Robe              |       |       |     2 |     2 ||     4
  Dodge: Dodged            |     6 |     2 |    23 |    25 ||    56
